 Dungeon Crawl Stone Soup version 0.18.1-50-g88ac8fd (console) character file.

7452 CALLOUS the Firebug (level 11, -2/145 HPs)
             Began as a Naga Fire Elementalist on Oct 8, 2016.
             Was a High Priest of Cheibriados.
             Slain by a large abomination (16 damage)
             ... on level 2 of the Abyss on Oct 9, 2016.
             The game lasted 06:47:24 (14246 turns).

CALLOUS the Firebug (Naga Fire Elementalist)       Turns: 14246, Time: 06:47:25

Health: -2/145     AC: 25    Str: 22    XL:     11   Next: 15%
Magic:  7/15       EV:  1    Int: 29    God:    Cheibriados [*****.]
Gold:   515        SH:  0    Dex: 23    Spells: 5 memorised, 1 level left

rFire  + + .     SeeInvis +     U - +2 dagger (venom)
rCold  . . .     Gourm    .     (armour currently unavailable)
rNeg   + + +     Faith    .     (no shield)
rPois  +         Spirit   .     (helmet currently unavailable)
rElec  .         Dismiss  .     (cloak currently unavailable)
rCorr  .         Reflect  .     (gloves currently unavailable)
SustAt .         Harm     .     (no barding)
MR     +....     Clarity  +     (no amulet)
Stlth  +++++..... NoTele   +    Z - ring of protection from fire
                                y - ring of protection from fire

@: tree-form (expiring), very slow, somewhat resistant to hostile enchantments,
quite stealthy
A: see invisible, clarity, (deformed body), (poison resistance), (slowness 0),
slow regeneration 1, slow metabolism 1, spit poison 3, AC +3
a: Breathe Poison Gas, Bend Time, Temporal Distortion, Slouch, Step From Time,
Renounce Religion


You were on level 2 of the Abyss.
You worshipped Cheibriados.
Cheibriados was extremely pleased with you.
You were very hungry.
You were a tree.
You visited 2 branches of the dungeon, and saw 11 of its levels.
You visited the Abyss 1 time.
You also visited: Sewer.

You collected 515 gold pieces.

Inventory:

Hand Weapons
 U - a +2 dagger of venom (weapon)
 Y - a +1 rapier of distortion
Missiles
 k - 331 stones
 H - 3 tomahawks (quivered)
 O - 2 throwing nets
 Q - 16 poisoned needles
 R - 20 bolts
Armour
 w - a +1 helmet (melded)
 z - the +0 cloak of Uguoxic (melded) {rElec rF+ rN++ Int+3 Dex-5}
   (You found it on level 6 of the Dungeon)

   It affects your intelligence (+3).
   It affects your dexterity (-5).
   It protects you from fire.
   It insulates you from electricity.
   It greatly protects you from negative energy.
 W - a +2 leather armour of poison resistance (melded)
Jewellery
 y - a ring of protection from fire (left branch)
 V - an uncursed ring of protection from cold
 Z - a ring of protection from fire (right branch)
Wands
 x - a wand of acid (0/15)
 A - a wand of disintegration (11/24)
 X - a wand of flame (32/48)
Scrolls
 h - a scroll of teleportation {unknown}
 E - 2 scrolls of amnesia {unknown}
 J - 2 scrolls of magic mapping {unknown}
 L - a scroll of immolation {unknown}
 N - 2 scrolls of enchant weapon {unknown}
 P - 2 scrolls of recharging {unknown}
 S - 6 scrolls of identify
 T - a scroll of vulnerability {unknown}
Potions
 i - a potion of lignification
 t - 6 potions of curing
 F - 4 potions of flight
Comestibles
 c - 4 bread rations
 j - 5 fruits
 K - 5 beef jerkies


   Skills:
 * Level 5.9 Fighting
 + Level 6.9 Dodging
 + Level 6.6 Stealth
 - Level 2.0 Spellcasting
 * Level 6.5 Conjurations
 * Level 3.3 Necromancy
 * Level 7.6 Fire Magic
 * Level 1.7 Air Magic
 * Level 5.4 Invocations
 * Level 5.7 Evocations


You had one spell level left.
You knew the following spells:

 Your Spells              Type           Power        Failure   Level  Hunger
a - Flame Tongue          Conj/Fire      #####        1%          1    None
b - Conjure Flame         Conj/Fire      #####...     1%          3    ###....
c - Sticky Flame          Conj/Fire      #####...     6%          4    ####...
d - Corpse Rot            Necr           N/A          3%          2    ##.....
e - Static Discharge      Conj/Air       ####....     6%          3    ###....


Dungeon Overview and Level Annotations

Branches:
Dungeon (10/15)            Temple (1/1) D:5            Lair (0/8) D:10
    Orc: D:9-12

Altars:
Ashenzari
Cheibriados
Dithmenos
Elyvilon
Fedhas
Gozag
Kikubaaqudgha
Makhleb
Nemelex Xobeh
Okawaru
Pakellas
Qazlal
Ru
Sif Muna
Trog
Vehumet
Xom
Yredelemnul
Zin
The Shining One

Shops:
D:5 =

Annotations:
D:1 1 exclusion
D:2 sEDscytheoffreezing, Natasha, Sigmund
D:3 1 exclusion
D:4 tschems's ghost, novice HuBe
D:6 1 exclusion
D:8 ggEDweaponofpain, exclusions: centaur and orc priest, Gargoyl's ghost, novice TrMo
D:10 Psyche


Innate Abilities, Weirdness & Mutations

You cannot wear boots.
((Your serpentine skin is tough (AC +3).))
You have supernaturally acute eyesight.
((Armour fits poorly on your strangely shaped body.))
((Your system is resistant to poisons.))
((You cover ground very slowly.))
You have a slow metabolism.
You can exhale a cloud of poison.
You possess an exceptional clarity of mind.
You regenerate slowly when monsters are visible.


Message History

Here: a large abomination (moderately damaged, covered in liquid flames, covered in acid)
The floor, spattered with blood.
Unknown command.
Press: ? - help, v - describe, . - travel
Here: a large abomination (moderately damaged, covered in liquid flames, covered in acid)
The floor, spattered with blood.
Unknown command.
You hit the large abomination.
The large abomination is moderately damaged.
The large abomination burns!
The large abomination hits you!
* * * LOW HITPOINT WARNING * * *
Press: ? - help, v - describe, . - travel
Here: a large abomination (heavily damaged, covered in liquid flames, covered in acid)
The floor, spattered with blood.
Unknown command.
You hit the large abomination.
The large abomination is heavily damaged.
The large abomination burns!
The large abomination stops burning.
The large abomination hits you!
You die...

.. . . .
3 . .
...# . .
. .#.## .
.. . 3
.(#. .. .
... . ..
. #.. .
#.. #
#..## #
.. # .#♣#
.# #
#.X.(x.##
.###.##.#
# #.## .
# #.# # #
. . # ..
. #. . X
.


You could see a large abomination and a small abomination.

Vanquished Creatures
  A centaur zombie (D:10)
  A smoke demon (Abyss:2)
  A hellwing (Abyss:2)
  A troll (D:9)
  3 raiju (Abyss:2)
  A yak (D:10)
  A ynoxinul (Abyss:2)
  Eustachio (D:5)
  2 hippogriffs
  2 large abominations (Abyss:2)
  Menkaure (D:6)
  A porcupine (D:10)
  A water moccasin (D:4)
  A sky beast (D:7)
  3 orc warriors
  A necrophage (D:7)
  4 ice beasts
  2 phantoms (D:7)
  3 ogres
  A wasp (D:9)
  4 centaurs
  2 big kobolds (Sewer)
  Blork the orc (D:6)
  4 giant frogs
  3 scorpions
  4 killer bees (D:5)
  3 howler monkeys (D:9)
  A crimson imp (D:7)
  2 giant frog zombies
  6 hounds
  2 jellies
  9 orc priests
  2 centaur skeletons
  11 orc wizards
  Crazy Yiuf (D:3)
  A gnoll shaman (D:4)
  Ijyb (D:2)
  Terence (D:2)
  3 hell rats (D:10)
  2 iguanas
  Natasha (twice) (D:2)
  3 worker ants
  A killer bee zombie (D:10)
  A sheep (D:10)
  2 hound skeletons
  A howler monkey zombie (D:7)
  Robin (D:2)
  A worker ant zombie (D:7)
  11 gnolls
  12 adders
  3 river rats (D:10)
  2 shadow imps
  2 oozes
  2 adder zombies
  2 adder skeletons
  6 worms
  4 dart slugs
  6 giant geckos
  36 orcs
  5 giant cockroaches
  18 goblins
  7 hobgoblins
  2 jackals (D:1)
  5 quokkas
  3 ball pythons
  15 bats
  A giant gecko skeleton (D:6)
  8 giant newts
  25 kobolds
  2 quokka skeletons
  8 rats
  A fungus (Sewer)
293 creatures vanquished.

Vanquished Creatures (others)
  A crimson imp (D:10)
  An orc (D:10)
2 creatures vanquished.

Grand Total: 295 creatures vanquished

Notes
Turn   | Place    | Note
--------------------------------------------------------------
     0 | D:1      | CALLOUS the Naga Fire Elementalist began the quest for the Orb.
     0 | D:1      | Reached XP level 1. HP: 15/15 MP: 3/3
   394 | D:1      | Reached XP level 2. HP: 24/24 MP: 5/5
   879 | D:1      | Reached XP level 3. HP: 30/30 MP: 6/6
  1132 | D:1      | Reached skill level 1 in Fighting
  1150 | D:1      | Learned a level 3 spell: Conjure Flame
  1223 | D:2      | Noticed Natasha
  1499 | D:2      | Noticed Terence
  1501 | D:2      | Killed Natasha
  1501 | D:2      | Reached skill level 4 in Fire Magic
  1501 | D:2      | Reached XP level 4. HP: 38/38 MP: 7/7
  1518 | D:2      | Killed Terence
  1726 | D:2      | Noticed Natasha
  1733 | D:2      | Killed Natasha
  1733 | D:2      | Reached XP level 5. HP: 40/45 MP: 4/8
  1845 | D:2      | Noticed Robin
  1980 | D:2      | Killed Robin
  2004 | D:2      | Noticed Ijyb
  2009 | D:2      | HP: 2/45 [Ijyb/dagger (2)]
  2010 | D:2      | Killed Ijyb
  2431 | D:2      | Noticed Sigmund
  2599 | D:2      | Found a deep blue altar of Sif Muna.
  2825 | D:3      | Found a sparkling altar of Nemelex Xobeh.
  2936 | D:3      | Found a glowing drain.
  2950 | Sewer    | Entered a sewer
  3031 | Sewer    | Noticed a big kobold
  3032 | Sewer    | Reached XP level 6. HP: 49/52 MP: 9/9
  3041 | Sewer    | Reached skill level 1 in Evocations
  3398 | Sewer    | Reached skill level 5 in Fire Magic
  3719 | D:3      | Noticed Crazy Yiuf
  3725 | D:3      | Killed Crazy Yiuf
  3853 | D:3      | Reached XP level 7. HP: 41/61 MP: 6/10
  4348 | D:2      | Noticed Natasha
  4684 | D:4      | Noticed tschems's ghost (novice HuBe)
  4713 | D:5      | Entered Level 5 of the Dungeon
  4791 | D:5      | Found Ymicur's Jewellery Boutique.
  4853 | D:5      | Found a staircase to the Ecumenical Temple.
  4858 | Temple   | Entered the Ecumenical Temple
  4934 | Temple   | Became a worshipper of Ru the Awakened
  5027 | D:5      | Found a snail-covered altar of Cheibriados.
  5035 | D:5      | Fell from the grace of Ru
  5035 | D:5      | Became a worshipper of Cheibriados the Contemplative
  5090 | D:5      | Noticed Eustachio
  5402 | D:4      | Reached skill level 1 in Invocations
  5577 | D:5      | Reached skill level 5 in Stealth
  5626 | D:5      | Reached XP level 8. HP: 68/68 MP: 11/11
  5764 | D:6      | Reached * piety under Cheibriados
  5909 | D:6      | Found a glowing silver altar of Zin.
  6022 | D:6      | Noticed Blork the orc
  6034 | D:6      | Killed Blork the orc
  6398 | D:6      | Got a shimmering cloak
  6399 | D:6      | Identified the cursed +0 cloak of Uguoxic {rElec rF+ rN++ Int+3 Dex-5} (You found it on level 6 of the Dungeon)
  6565 | D:6      | Learned a level 4 spell: Sticky Flame
  6605 | D:6      | Noticed Menkaure
  7037 | D:7      | Reached ** piety under Cheibriados
  7812 | D:7      | Reached skill level 6 in Fire Magic
  7995 | D:8      | Noticed Gargoyl's ghost (novice TrMo)
  8145 | D:7      | Reached XP level 9. HP: 78/78 MP: 3/12
  8678 | D:7      | Reached *** piety under Cheibriados
  8686 | D:7      | Reached skill level 5 in Conjurations
  8910 | D:7      | Learned a level 2 spell: Corpse Rot
  9171 | D:5      | Reached skill level 1 in Necromancy
  9694 | D:5      | Reached skill level 5 in Dodging
  9978 | D:5      | Reached **** piety under Cheibriados
 10297 | D:5      | Killed Eustachio
 10544 | D:6      | Reached XP level 10. HP: 71/87 MP: 8/13
 10672 | D:6      | Killed Menkaure
 10972 | D:9      | Reached skill level 5 in Fighting
 10989 | D:9      | HP: 4/88 [centaur (7)]
 10989 | D:9      | HP: 1/88 [hound (2)]
 11004 | D:9      | HP: 3/88 [orc wizard/puff of flame (1)]
 11013 | D:9      | HP: 4/88 [orc/dagger of venom (2)]
 11019 | D:9      | HP: 2/88 [poisoned by an orc]
 11024 | D:9      | HP: 1/88 [poisoned by an orc]
 11030 | D:9      | HP: 1/88 [poisoned by an orc]
 11036 | D:9      | HP: 1/88 [poisoned by an orc]
 11042 | D:9      | HP: 2/88 [poisoned by an orc]
 11048 | D:9      | HP: 2/88 [poisoned by an orc]
 11443 | D:9      | Found a burning altar of Makhleb.
 11815 | D:9      | Gained mutation: You possess an exceptional clarity of mind. [potion of mutation]
 11815 | D:9      | Gained mutation: You can exhale a cloud of poison. [potion of mutation]
 11848 | D:9      | Reached skill level 7 in Fire Magic
 11848 | D:9      | Reached skill level 5 in Evocations
 12067 | D:10     | Entered Level 10 of the Dungeon
 12543 | D:10     | Reached ***** piety under Cheibriados
 12563 | D:10     | Reached skill level 5 in Invocations
 12746 | D:10     | Found a staircase to the Lair.
 12887 | D:10     | Learned a level 3 spell: Static Discharge
 13583 | D:10     | Reached skill level 1 in Air Magic
 13759 | D:10     | Noticed Psyche
 13764 | D:10     | Cast into level 2 of the Abyss (Psyche)
 13764 | Abyss:2  | Found a corrupted altar of Lugonu.
 13831 | Abyss:2  | Gained mutation: You regenerate slowly when monsters are visible. [mutagenic glow]
 13941 | Abyss:2  | Noticed a smoke demon
 13948 | Abyss:2  | Noticed a tentacled starspawn
 13950 | Abyss:2  | Killed a smoke demon
 14044 | Abyss:2  | Reached XP level 11. HP: 35/97 MP: 3/15
 14091 | Abyss:2  | Found a corrupted altar of Lugonu.
 14124 | Abyss:2  | Noticed a large abomination
 14198 | Abyss:2  | HP: 7/145 [large abomination (24)]
 14246 | Abyss:2  | Slain by a large abomination

Skill      XL: |  1  2  3  4  5  6  7  8  9 10 |
---------------+-------------------------------+-----
Fighting       | 1 2 3 4 5 |  5.9
Fire Magic     | 4 5 6 7 |  7.6
Conjurations   | 2 3 4 5 6 |  6.5
Dodging        | 2 3 4 5 6 |  6.9
Evocations     | 1 2 3 4 5 |  5.7
Stealth        | 4 5 6 |  6.6
Invocations    | 1 2 4 5 |  5.4
Necromancy     | 2 3 |  3.3
Air Magic      | 1 |  1.7
Spellcasting   | |  2.0

Action                   |  1- 3 |  4- 6 |  7- 9 | 10-12 || total
-------------------------+-------+-------+-------+-------++-------
Melee: Unarmed           |    13 |     4 |       |       ||    17
       Dagger            |       |   117 |    11 |    25 ||   153
       Whip              |       |       |    56 |       ||    56
       Quarterstaff      |       |       |    10 |       ||    10
       Glaive            |       |       |    71 |    19 ||    90
       Flail             |       |       |    19 |       ||    19
       Rapier            |       |       |       |    43 ||    43
 Fire: Hunting sling     |       |    67 |     9 |       ||    76
       Shortbow          |       |       |   108 |     3 ||   111
       Blowgun           |       |       |    10 |       ||    10
Throw: Stone             |     8 |    19 |     3 |    46 ||    76
       Tomahawk          |       |       |     2 |    45 ||    47
 Cast: Flame Tongue      |     5 |    31 |    63 |     2 ||   101
       Conjure Flame     |       |     1 |     5 |     4 ||    10
       Sticky Flame      |       |       |    23 |    27 ||    50
       Corpse Rot        |       |       |     1 |     1 ||     2
       Static Discharge  |       |       |       |     4 ||     4
Invok: Slouch            |       |       |       |     2 ||     2
 Abil: Spit Poison       |    36 |    40 |    67 |    20 ||   163
       Breathe Poison Ga |       |       |       |    20 ||    20
Evoke: Wand              |       |       |     1 |     7 ||     8
  Use: Scroll            |       |     6 |     2 |     2 ||    10
       Potion            |       |       |     1 |     9 ||    10
 Stab: Sleeping          |     1 |     5 |     9 |     3 ||    18
       Distracted        |       |       |       |     1 ||     1
  Eat: Chunk             |     3 |     9 |    18 |    12 ||    42
       Meat ration       |       |       |     1 |       ||     1
       Bread ration      |       |       |       |     1 ||     1
Armor: Robe              |     3 |    41 |   115 |    60 ||   219
       Leather armour    |       |       |       |    19 ||    19
       Skin              |       |       |       |     3 ||     3
Dodge: Dodged            |    19 |    82 |   191 |   157 ||   449
